 Dungeon Crawl Stone Soup version 0.19.0-22-gd96e5fe (webtiles) character file.

21 KristoblXynda the Charmwright (level 2, -2/24 HPs)
             Began as a Draconian Skald on Nov 19, 2016.
             Slain by an adder (3 damage)
             ... on level 2 of the Dungeon.
             The game lasted 00:01:29 (817 turns).

KristoblXynda the Charmwright (Draconian Skald)      Turns: 817, Time: 00:01:29

Health: -2/24      AC:  5    Str: 12 (14) XL:     2   Next: 65%
Magic:  5/5        EV: 12    Int:  9 (12) God:
Gold:   63         SH:  0    Dex:  7 (10) Spells: 1 memorised, 4 levels left

rFire  . . .     SeeInvis .     a - +0 hand axe
rCold  . . .     Gourm    .     (armour unavailable)
rNeg   . . .     Faith    .     (no shield)
rPois  .         Spirit   .     (helmet restricted)
rElec  .         Reflect  .     (no cloak)
rCorr  .         Harm     .     q - +0 pair of gloves
MR     .....                    (no boots)
Stlth  +.........               (no amulet)
                                (no ring)
                                (no ring)

@: lethally poisoned (-2 -> -9)
A: unfitting armour, cold-blooded, AC +4
a: no special abilities


You were on level 2 of the Dungeon.
You were not hungry.

You visited 1 branch of the dungeon, and saw 2 of its levels.

You collected 63 gold pieces.

Inventory:

Hand Weapons
 a - a +0 hand axe (weapon)
Armour
 q - a +0 pair of gloves (worn)
Scrolls
 e - a scroll of remove curse {unknown}
 i - a scroll of enchant armour {unknown}
 j - a scroll of amnesia {unknown}
 l - 3 scrolls of identify {unknown}
 m - a scroll of teleportation {unknown}
 n - a scroll of fog {unknown}
Potions
 d - a potion of lignification
 g - a potion of degeneration
 o - 2 potions of haste {unknown}
 p - a potion of agility {unknown}
Books
 b - a book of Battle

   Spells                             Type                      Level
   a - Infusion                       Charms                       1
   b - Shroud of Golubria             Charms/Translocation         2
   c - Song of Slaying                Charms                       2
   d - Spectral Weapon                Hexes/Charms                 3
   e - Regeneration                   Charms/Necromancy            3
Comestibles
 c - a bread ration
 f - a meat ration
 k - a royal jelly


   Skills:
 - Level 2.1 Fighting
 + Level 2.4 Axes
 + Level 1.9 Dodging
 - Level 2.0 Spellcasting
 + Level 3.0 Charms


You had 4 spell levels left.
You knew the following spells:

 Your Spells              Type           Power        Failure   Level  Hunger
a - Infusion              Chrm           #...         12%         1    ##.....


Dungeon Overview and Level Annotations

Branches:
Dungeon (2/15)

Altars:


Innate Abilities, Weirdness & Mutations

Your plain brown scales are hard. (AC +4)
You cannot fit into any form of body armour.
You are cold-blooded and may be slowed by cold attacks.


Message History

You feel sick. The adder bites you but does no damage.
The adder barely misses you.
You closely miss the adder. You tail-slap the adder.
The adder is almost dead.
You feel sick. The adder bites you.
* * * LOW HITPOINT WARNING * * *
You miss the adder.
Your tail-slap misses the adder.
The adder is almost dead.
The adder bites you.
* * * LOW HITPOINT WARNING * * *
You are lethally poisoned!
The adder poisons you! The adder bites you.
* * * LOW HITPOINT WARNING * * *
It was a potion of degeneration.
There was something very wrong with that liquid.
You feel weakened.
You feel dopey.
You feel clumsy.
* * * LOW HITPOINT WARNING * * *
You feel sick. The adder barely misses you.
It was a potion of magic.
Magic courses through your body. The adder bites you.
You die...

##.# ##.###...###
#. #..# ##.#.#.##
#. #..# ##.##.# ##
#..# ####.# #..#
#.# #..# #.#
#..#### #.. # #
#.....# ####### .
#.####.###@##...##
# ##......#
#S#.....#
........###gw......
#####..............
##.............
##.###.#.....# ###
#.##...## .#. #.##
. .. ...


You could see a worm, an adder and a hobgoblin.

Vanquished Creatures
  A dart slug (D:1)
  2 goblins (D:1)
  4 hobgoblins
  3 bats (D:1)
  2 frilled lizards (D:2)
  4 kobolds
  4 rats
20 creatures vanquished.

Notes
Turn   | Place    | Note
-------+----------+-------------------------------------------
     0 | D:1      | KristoblXynda the Draconian Skald began the quest for the Orb.
     0 | D:1      | Reached XP level 1. HP: 17/17 MP: 3/3
   155 | D:1      | Reached XP level 2. HP: 5/24 MP: 5/5
   756 | D:2      | Reached skill level 3 in Charms
   816 | D:2      | HP: 1/24 [poisoned by an adder]
   817 | D:2      | Slain by an adder

Skill      XL: |  1  2 |
---------------+-------+-----
Charms         | 3 |  3.0
Fighting       | |  2.1
Axes           | |  2.4
Dodging        | |  1.9
Spellcasting   | |  2.0

Action                   || total
-------------------------++-------
Melee: Hand axe          ||    88
       Tailslap          ||     5
  Use: Potion            ||     3
Armor: Skin              ||    38
Dodge: Dodged            ||    81
